 Dungeon Crawl Stone Soup version 0.26-a0-52-gd53d4cd (webtiles) character file.

Game seed: 7605876703391941453

73 Faca the Vandal (level 4, -4/30 HPs)
             Began as a Halfling Hunter on June 5, 2020.
             Slain by a goblin
             ... wielding a +0 mace
              (5 damage)
             ... on level 2 of the Dungeon.
             The game lasted 00:03:18 (1737 turns).

Faca the Vandal (Halfling Hunter)                   Turns: 1737, Time: 00:03:19

Health: -4/30      AC:  3    Str: 14    XL:     4   Next: 51%
Magic:  4/4        EV: 14    Int:  9    God:
Gold:   67         SH:  0    Dex: 14    Spells: 3/3 levels left

rFire    . . .     SeeInvis .   b - +0 short sword
rCold    . . .     Gourm    .   (shield restricted)
rNeg     . . .     Faith    .   c - +0 leather armour
rPois    .         Spirit   .   (no helmet)
rElec    .         Reflect  .   (no cloak)
rCorr    .         Harm     .   (no gloves)
MR       .....                  (no boots)
Stlth    +.........             (no amulet)
HPRegen  0.10/turn              (no ring)
MPRegen  0.09/turn              (no ring)

@: lethally poisoned (-4 -> -6)
A: small, mutation resistance 1, subdued magic 1
a: no special abilities


You were on level 2 of the Dungeon.
You were not hungry.

You visited 1 branch of the dungeon, and saw 2 of its levels.

You collected 67 gold pieces.

Inventory:

Hand Weapons
 a - a +1 hunting sling
 b - a +0 short sword (weapon)
Missiles
 d - 30 sling bullets
 m - 24 stones (quivered)
Armour
 c - a +0 leather armour (worn)
Scrolls
 e - a scroll of remove curse
 g - a scroll of fog {unknown}
 i - 2 scrolls of teleportation
Potions
 j - a potion of degeneration {unknown}
 k - a potion of flight
 n - a potion of brilliance {unknown}
 o - a potion of lignification {unknown}
Comestibles
 f - 5 rations
 l - a chunk of flesh


   Skills:
 + Level 2.7 Fighting
 + Level 2.4 Short Blades
 + Level 6.7 Slings
 - Level 2.1 Dodging
 - Level 1.1 Stealth


You had 3 spell levels left.
You didn't know any spells.
Your spell library contained the following spells:

 Spells                   Type           Power        Failure   Level  Hunger
 Corona                   Hex            #......      41%         1    ##.....
 Ensorcelled Hibernation  Hex/Ice        #.....       56%         2    ###....
 Confusing Touch          Hex            #.......     80%         3    ####...
 Dazzling Flash           Conj/Hex       #.....       80%         3    ####...
 Tukima's Dance           Hex            #.......     80%         3    ####...


Dungeon Overview and Level Annotations

Branches:
Dungeon (2/15)

Altars:


Innate Abilities, Weirdness & Mutations

You are small and have problems with some larger weapons.
You are somewhat resistant to further mutation.
Your spells are a little easier to cast, but a little less powerful.


Message History

The adder is almost dead.
The adder barely misses you.
You miss the adder.
The adder is almost dead.
You feel sick. The adder misses you. The adder bites you but does no damage.
You barely miss the adder.
The adder is almost dead.
The adder closely misses you.
You barely miss the adder.
The adder is almost dead.
The adder bites you.
* * * LOW HITPOINT WARNING * * *
You hit the adder.
You kill the adder!
* * * LOW HITPOINT WARNING * * *
You feel sick.
It was a potion of mutation.
You feel extremely strange.
Your connection to magic feels subdued.
The goblin hits you with a +0 mace.
You die...

... #....####
##.## ####....#
#..### ###.....
#...####...###.
#.#......### ##
##.....).####
##..###......####
#### ###รท.##
##.###..... ....
#.@.## #..#######
####..#g### ##.#
# #......)..#
#.###
#.....?....#
#...####
#......>.....#
###....##
#.........##...
####..#
.#####..... #?
##.. #.###.) ###
#. ###


You could see a goblin.

Vanquished Creatures
  4 adders (D:2)
  An ooze (D:1)
  A worm (D:2)
  A dart slug (D:1)
  A leopard gecko (D:1)
  A ball python (D:1)
  2 giant cockroaches (D:2)
  A goblin (D:2)
  4 hobgoblins
  A jackal (D:2)
  A quokka (D:2)
  3 bats
  8 frilled lizards
  2 kobolds
  A rat (D:2)
32 creatures vanquished.

Notes
Turn   | Place    | Note
-------+----------+-------------------------------------------
     0 | D:1      | Faca the Halfling Hunter began the quest for the Orb.
     0 | D:1      | Reached XP level 1. HP: 14/14 MP: 1/1
   380 | D:1      | Reached skill level 6 in Slings
   387 | D:1      | Reached skill level 1 in Short Blades
   387 | D:1      | Reached XP level 2. HP: 16/19 MP: 2/2
   948 | D:1      | Reached XP level 3. HP: 23/24 MP: 3/3
  1446 | D:2      | Reached XP level 4. HP: 18/30 MP: 4/4
  1736 | D:2      | HP: 1/30 [poisoned by an adder]
  1737 | D:2      | Gained mutation: Your spells are a little easier to cast,
                  | but a little less powerful. [potion of mutation]
  1737 | D:2      | Slain by a goblin

Illustrated notes

Levels and vault maps discovered:
D:1:      eino_arrival_cavern_e, layout_rooms, minmay_lizard_pond
D:2:      layout_rooms

Skill      XL: |  1  2  3 |
---------------+----------+-----
Slings         | 6 |  6.7
Fighting       | 2 |  2.7
Short Blades   | 1 2 |  2.4
Dodging        | |  2.1
Stealth        | |  1.1

Action                   |  1- 3 |  4- 6 || total
-------------------------+-------+-------++-------
Melee: Short sword       |   123 |    33 ||   156
 Fire: Hunting sling     |       |     6 ||     6
  Use: Scroll            |     3 |       ||     3
       Potion            |       |     1 ||     1
  Eat: Chunk             |     2 |     1 ||     3
Armor: Leather armour    |    23 |    11 ||    34
Dodge: Dodged            |   109 |    25 ||   134

Table legend:
 A = Non-vault XP
 B = Vault XP
 C = Vault XP percentage of total XP
 D = Non-vault monster count
 E = Vault monster count
 F = Vault count percentage of total count
                 A         B        C        D         E       F
            +---------+---------+-------+---------+---------+-------
      Total |      99 |       6 |   5.7 |      26 |       6 |  18.8
            +---------+---------+-------+---------+---------+-------
        D:1 |      23 |       6 |  20.7 |       9 |       6 |  40.0
        D:2 |      76 |       0 |   0.0 |      17 |       0 |   0.0
            +---------+---------+-------+---------+---------+-------
